 Dungeon Crawl Stone Soup version 0.29.0-4-gdea44cf6ec (webtiles) character file.

Game seed: 17707970312228433679

47 RascalDebosk the Gusty (level 3, 0/33 HPs)
             Began as an Ogre Air Elementalist on Aug 27, 2022.
             Succumbed to an adder's poison
             ... on level 2 of the Dungeon.
             The game lasted 00:18:49 (1721 turns).

RascalDebosk the Gusty (Ogre Air Elementalist)      Turns: 1721, Time: 00:18:50

Health: 0/33       AC:  3    Str: 12    XL:     3   Next: 70%
Magic:  0/7        EV: 10    Int: 18    God:
Gold:   37         SH:  0    Dex:  9    Spells: 1/7 levels left

rFire   . . .      SeeInvis .   f - +0 war axe
rCold   . . .      Faith    .   (no shield)
rNeg    . . .      Spirit   .   a - +0 robe
rPois   .          Reflect  .   (helmet restricted)
rElec   .          Harm     .   (no cloak)
rCorr   .          Rampage  .   (gloves unavailable)
Will    .....                   (boots unavailable)
Stlth   +.........              (no amulet)
HPRegen 0.11/turn               (no ring)
MPRegen 0.10/turn               (no ring)

@: lethally poisoned (0 -> -2)
A: large, unfitting armour, tough skin 1
a: no special abilities


You were on level 2 of the Dungeon.
You visited 1 branch of the dungeon, and saw 2 of its levels.

You collected 76 gold pieces.
You spent 39 gold pieces at shops.

Inventory:

Hand Weapons
 f - a +0 war axe (weapon)
Missiles
 c - 2 large rocks
Armour
 a - a +0 robe (worn)
Scrolls
 d - 3 scrolls of identify {unknown}
 e - a scroll of teleportation {unknown}
 g - 3 scrolls of enchant armour {unknown}
 i - a scroll of noise {unknown}
Potions
 h - a potion of attraction {unknown}


   Skills:
 + Level 1.0 Fighting
 + Level 0.8 Throwing
 + Level 2.1 Dodging
 - Level 1.5 Stealth
 + Level 2.9 Spellcasting
 + Level 1.4 Conjurations
 + Level 3.0 Air Magic


You had one spell level left.
You knew the following spells:

 Your Spells              Type           Power      Damage    Failure   Level
a - Shock                 Conj/Air       40%        1d5       7%          1
b - Static Discharge      Conj/Air       10%        3-5/arc   10%         2
c - Swiftness             Air            13%        N/A       14%         3

Your spell library contained the following spells:

 Spells                   Type           Power      Damage    Failure   Level
 Airstrike                Air            6%         2d(1-17)  43%         4


Dungeon Overview and Level Annotations

Branches:
Dungeon (2/15)

Altars:

Shops:
D:1 (![?

Annotations:
D:2 Natasha


Innate Abilities, Weirdness & Mutations

You are too large for most types of armour.
You have tough skin. (AC +1)


Message History

The shadow imp is almost dead.
The shadow imp gestures at you. Pain shoots through your body!
The shadow imp hits you but does no damage.
You closely miss the shadow imp.
The shadow imp is almost dead.
You start to feel a little faster.
The shadow imp gestures at you. Pain shoots through your body!
You feel better. The shadow imp hits you. The shadow imp hits you.
The shadow imp attacks as you move away!
The shadow imp barely misses you.
You no longer feel sluggish.
The shadow imp attacks as you move away!
The shadow imp barely misses you.
The shadow imp attacks as you move away!
The shadow imp hits you. Natasha casts a spell at you. The magic dart hits you.
* * * LOW HITPOINT WARNING * * *
The shadow imp gestures at you. Pain shoots through your body!
* * * LOW HITPOINT WARNING * * *
Aiming: Shock (safe; 7% risk of failure)
Press: ? - help, Q - select action, (/) - cycle Shift-Dir - straight line, f/p - Natasha
Aim: Natasha (severely wounded, 60% to hit)
The zap misses Natasha.
The shadow imp gestures at you.
You barely resist.
Natasha wildly gestures.
Natasha shimmers violently.
Natasha mumbles some strange words.
The adder attacks as you move away! The adder bites you.
* * * LOW HITPOINT WARNING * * *
You are lethally poisoned!
The adder poisons you!
* * * LOW HITPOINT WARNING * * *
You feel sick.
You die...

#. #.#<.# # .........#
#.##.#..#.# ....PP♣..#
#.##......# .....PP..#
#.##....#####
.........###.......# ...
...............###.##...
...........5............
##.........h...###.#P...
.......@.S5.........P...
##.............###...PP.
#######.......# #..♣♣♣.
#.......# #.P..P.
#####.....#......
#.....#.##### #.....#.#
#.....#.# #.#


You could see an iron imp (summoned), Natasha, an adder and a shadow imp
(summoned).

Vanquished Creatures
  A gnoll (D:1)
  3 ball pythons (D:1)
  4 bats (D:1)
  5 endoplasms (D:1)
  3 giant cockroaches (D:1)
  2 hobgoblins (D:1)
  5 jackals (D:1)
  3 kobolds (D:1)
  2 frilled lizards (D:1)
  4 rats (D:1)
32 creatures vanquished.

Vanquished Creatures (others)
  A plant (D:2)
1 creature vanquished.

Grand Total: 33 creatures vanquished

Notes
Turn   | Place    | Note
-------+----------+-------------------------------------------
     0 | D:1      | RascalDebosk the Ogre Air Elementalist began the quest for
                  | the Orb.
     0 | D:1      | Reached XP level 1. HP: 16/16 MP: 3/3
    57 | D:1      | Reached skill level 1 in Conjurations
    60 | D:1      | Found Qysuydapp's Antique Armour Emporium.
    77 | D:1      | Found Iraps's Magic Scroll Shop.
   128 | D:1      | Reached XP level 2. HP: 14/24 MP: 1/5
   415 | D:1      | Reached XP level 3. HP: 3/32 MP: 1/7
   755 | D:1      | Reached skill level 3 in Air Magic
   958 | D:1      | Reached skill level 1 in Fighting
  1155 | D:1      | Found Caf Nemo's Distillery.
  1164 | D:1      | Bought a potion of curing for 39 gold pieces
  1193 | D:1      | Found Otiaroot's Antique Weapon Shoppe.
  1657 | D:1      | Learned a level 2 spell: Static Discharge
  1661 | D:1      | Learned a level 3 spell: Swiftness
  1690 | D:2      | Noticed Natasha
  1720 | D:2      | HP: 1/33 [poisoned by an adder]
  1721 | D:2      | Succumbed to an adder's poison

Illustrated notes

Levels and vault maps discovered:
D:1:      amcnicky_arrival_double_pillar, layout_loops_ring, serial_shops,
          nicolae_shop_crystal, shop_fountains, nicolae_shop_stone, shop,
          minmay_heptomino_w4
D:2:      layout_basic, serial_forest, infiniplex_forest_clump_small,
          infiniplex_forest_corner_2, infiniplex_forest_lined_room_,
          infiniplex_forest_clump_small, infiniplex_forest_fountain,
          infiniplex_forest_clump_large, infiniplex_forest_zigzag_1,
          infiniplex_forest_clump_tiny, uniq_sigmund, uniq_natasha

Skill      XL: |  1  2  3 |
---------------+----------+-----
Conjurations   | 1 |  1.4
Dodging        | 2 |  2.1
Air Magic      | 3 |  3.0
Fighting       | 1 |  1.0
Throwing       | |  0.8
Stealth        | |  1.5
Spellcasting   | |  2.9

Action                   || total
-------------------------++-------
Melee: Unarmed           ||    21
       War axe           ||    11
 Cast: Shock             ||    63
       Swiftness         ||     1
  Use: Potion            ||     2
 Stab: Sleeping          ||     1
Armor: Robe              ||    26
Dodge: Dodged            ||    62
